 Dungeon Crawl Stone Soup version 0.31-a0-816-gd61d57ddb1 (webtiles) character file.

Game seed: 17142070327730104078

10 Essalna the Conjurer (level 2, 19/19 HPs)
             Began as a Demonspawn Conjurer on Sept 22, 2023.
             Got out of the dungeon alive.
             The game lasted 00:00:31 (252 turns).

Essalna the Conjurer (Demonspawn Conjurer)           Turns: 252, Time: 00:00:32

Health: 19/19      AC:  2    Str:  7    XL:     2   Next: 10%
Magic:  1/5        EV: 12    Int: 19    God:
Gold:   24         SH:  0    Dex: 11    Spells: 4/5 levels left

rFire   . . .        d - +0 mace
rCold   . . .        (no shield)
rNeg    . . .        a - +0 robe
rPois   .            (no helmet)
rElec   .            (no cloak)
rCorr   .            (no gloves)
SInv    .            (no boots)
Will    .....        (no amulet)
Stlth   ++           (no ring)
HPRegen 0.23/turn    (no ring)
MPRegen 0.09/turn

%: no passive effects
@: no status effects
A: claws 1
a: no special abilities


You escaped.
You visited 1 branch of the dungeon, and saw 1 of its levels.

You collected 24 gold pieces.

Inventory:

Hand Weapons
 d - a +0 mace (weapon)
Armour
 a - a +0 robe (worn)
Scrolls
 c - a scroll of blinking {unknown}
 g - a scroll of noise {unknown}
Potions
 b - a potion of magic
 e - a potion of ambrosia {unknown}
 f - a potion of enlightenment {unknown}


   Skills:
 - Level 1.7 Dodging
 - Level 1.7 Stealth
 + Level 2.3 Spellcasting
 + Level 4.2 Conjurations


You had 4 spell levels left.
You knew the following spells:

 Your Spells              Type           Power      Damage    Failure   Level
a - Magic Dart            Conj           72%        1d6       2%          1

Your spell library contained the following spells:

 Spells                   Type           Power      Damage    Failure   Level
 Searing Ray              Conj           36%        2d5       4%          2
 Dazzling Flash           Conj/Hex       20%        N/A       21%         3
 Blink                    Tloc           4%         N/A       24%         2
 Fulminant Prism          Conj/Hex       5%         3d7       56%         4
 Iskenderun's Mystic Bla  Conj/Tloc      10%        2d4       56%         4
 Manifold Assault         Tloc           2%         N/A       85%         4
 Vhi's Electric Charge    Tloc/Air       4%         N/A       85%         4
 Arcjolt                  Conj/Air       5%         1d15      88%         5
 Maxwell's Capacitive Co  Air            1%         ∞         100%        8


Dungeon Overview and Level Annotations

Branches:
Dungeon (1/15)

Altars:

Annotations:
D:1 2 transporters


Innate Abilities, Weirdness & Mutations

You have sharp fingernails.


Message History

Key pressed, stopping explore.
Found a whip.
You can't see any susceptible monsters within range! (Use Z to cast anyway.)
You can't see any susceptible monsters within range! (Use Z to cast anyway.)
You now have 24 gold pieces (gained 7).
f - an emerald potion
g - a scroll labelled PAOBOI CORGHU
Found 6 stones.
You can't see any susceptible monsters within range! (Use Z to cast anyway.)
You pick up an Inescapable Atlas and begin reading...
You add the spells Blink and Manifold Assault to your library.
A goblin comes into view. It is wielding a +0 dagger.
The goblin shouts!
You hear an angry hiss.
A rat comes into view.
A goblin comes into view. It is wielding a +0 dagger.
The goblin moves out of view.
The magic dart hits the rat.
The rat is moderately wounded.
The goblin shouts!
The magic dart hits the rat but does no damage.
The rat is moderately wounded.
The rat bites you.
The magic dart hits the rat.
You kill the rat!
You are out of magic!
You are out of magic!
You are out of magic!
The magic dart hits the goblin.
You kill the goblin!
You have reached level 2!
Your demonic ancestry asserts itself...
Your fingernails lengthen.
The magic dart hits the goblin.
The goblin is severely wounded.
The magic dart hits the goblin.
You kill the goblin!
You are out of magic!
You are out of magic!
There is a staircase leading out of the dungeon here.
You have escaped!

~~...~≈ ≈~.... ~.©>©.~ ≈≈≈..#.
≈~.♣.~~ ≈≈≈#... ≈~~~~≈≈≈≈≈≈...
≈≈≈≈≈≈≈≈≈≈≈~# .
#~≈≈≈≈~~~~≈≈≈##..
#≈≈≈≈≈~.♣.~≈≈....
#≈≈≈≈~.©@©.~≈.#.#
#.~≈≈≈~...~≈≈...#
#.≈≈≈≈≈~.~≈≈≈#.. ..##
#.~≈≈≈≈≈≈.≈≈≈#.. ###....
#..≈≈≈≈≈.≈≈≈≈..# ##......
#######...≈~≈.≈≈≈~#..# .......
##......##.....#####..####......
##........####### #.....#......
#..........# ##.#..)......


There were no monsters in sight!

Vanquished Creatures
  An endoplasm (D:1)
  A hobgoblin (D:1)
  2 bats (D:1)
  3 goblins (D:1)
  3 rats (D:1)
10 creatures vanquished.

Notes
Turn   | Place    | Note
-------+----------+-------------------------------------------
     0 | D:1      | Essalna the Demonspawn Conjurer began the quest for the
                  | Orb.
     0 | D:1      | Reached XP level 1. HP: 13/13 MP: 3/3
   230 | D:1      | Gained mutation: You have sharp fingernails. [demonic
                  | ancestry]
   230 | D:1      | Reached XP level 2. HP: 19/19 MP: 1/5
   252 | D:$      | Got out of the dungeon alive.

Illustrated notes

Levels and vault maps discovered:
D:1:      spicycebolla_arrival_transporter_tutorial, layout_rooms,
          minmay_pentomino_z4

Action                     || total
---------------------------++-------
  Melee: Mace              ||     2
   Cast: Magic Dart        ||    16
 Armour: Robe              ||     1

Table legend: (Time is in decaauts)
 A = Elapsed time spent in this place.
 B = Non-inter-level travel time spent in this place.
 C = Inter-level travel time spent in this place.
 D = Time resting spent in this place.
 E = Time spent auto-exploring this place.
 F = Levels seen in this place.
 G = Mean time per level.
                   A        B        C        D        E       F      G
               +--------+--------+--------+--------+--------+-----+--------+
         Total |    252 |    233 |     19 |      0 |    154 |   1 |  252.0 |
       Dungeon |    252 |    233 |     19 |      0 |    154 |   1 |  252.0 |
               +--------+--------+--------+--------+--------+-----+--------+

Top non-repeatable levels by time:
     D:1: 252 daAuts
